 Dungeon Crawl Stone Soup version 0.28.0-53-g5a82cb258f (webtiles) character file.

Game seed: 2995935217727850916

59 Zeld the Chopper (level 3, -3/34 HPs)
             Began as a Minotaur Berserker on May 22, 2022.
             Was a Believer of Trog.
             Splashed by a jelly's acid (10 damage)
             ... on level 3 of the Dungeon.
             The game lasted 00:01:15 (1941 turns).

Zeld the Chopper (Minotaur Berserker)               Turns: 1941, Time: 00:01:16

Health: -3/34      AC:  0    Str: 23    XL:     3   Next: 78%
Magic:  2/2        EV: 12    Int:  4    God:    Trog [**....]
Gold:   53         SH:  0    Dex:  9    Spells: 2/2 levels left

rFire   . . .      SeeInvis .   a - +0 hand axe
rCold   . . .      Faith    .   (no shield)
rNeg    . . .      Spirit   .   b - +0 animal skin
rPois   .          Reflect  .   (helmet restricted)
rElec   .          Harm     .   (no cloak)
rCorr   .          Rampage  .   d - +0 pair of gloves
Will    .....                   (no boots)
Stlth   +.........              (no amulet)
HPRegen 0.11/turn               (no ring)
MPRegen 0.08/turn               (no ring)

@: corroded
A: horns 2, retaliatory headbutt
a: Renounce Religion, Berserk, Trog's Hand


You were on level 3 of the Dungeon.
You worshipped Trog.
Trog was pleased with you.
You visited 1 branch of the dungeon, and saw 3 of its levels.

You collected 101 gold pieces.
You spent 48 gold pieces at shops.

Inventory:

Hand Weapons
 a - a +0 hand axe (weapon)
Armour
 b - a +0 animal skin (worn)
 d - a +0 pair of gloves (worn)
Scrolls
 c - 2 scrolls of identify
 e - 2 scrolls of teleportation {unknown}
 f - a scroll of enchant armour {unknown}
 h - 2 scrolls of blinking {unknown}
Potions
 g - a potion of brilliance {unknown}


   Skills:
 * Level 4.4 Fighting
 * Level 4.5 Axes
 + Level 3.0 Armour
 + Level 2.7 Dodging


You had 2 spell levels left.
You didn't know any spells.
Your spell library was empty.

Dungeon Overview and Level Annotations

Branches:
Dungeon (3/15)

Altars:
Okawaru
Xom

Shops:
D:1 *   D:2 ?


Innate Abilities, Weirdness & Mutations

You have a pair of horns on your head.
You reflexively headbutt those who attack you in melee.


Message History

No target in view!
Found a stone staircase leading down.
No target in view!
You now have 53 gold pieces (gained 5).
There is a stone staircase leading down here.
Found an iron altar of Okawaru.
No target in view!
Found a stone staircase leading down.
No target in view!
A jelly comes into view.
Found a scroll labelled RUISSO MAUCAUH.
The jelly quivers.
Search for what [Enter for "armor", or ? for help]?
An endoplasm comes into view.
The jelly misses you.
You hit the jelly.
Your hands burn!
The jelly is moderately wounded.
The jelly hits you.
You are splashed with acid!
You hit the jelly.
Your hands burn!
The jelly is heavily wounded.
The jelly closely misses you.
There are monsters nearby!
You are too injured to fight recklessly!
There are monsters nearby!
You are too injured to fight recklessly!
There are monsters nearby!
You are too injured to fight recklessly!
You hit the jelly.
Your hands burn!
The jelly is severely wounded.
The endoplasm quivers.
The jelly hits you but does no damage.
You are too injured to fight recklessly!
You are too injured to fight recklessly!
You hit the jelly. The acid corrodes you!
Your hands burn!
* * * LOW HITPOINT WARNING * * *
The jelly is almost dead.
The jelly hits you.
* * * LOW HITPOINT WARNING * * *
You are splashed with acid!
You die...

... ... .# #J# ... #?# ....
#.# #### ..... ###.###.>..
...... ##..J#...## ......
##...@.....## .....#
#...........#
.....#######...........#
........................
.####..####.._..####..##
........................
...............####..###
...............#### ..
..................##.....##


You could see a jelly and an endoplasm.

Vanquished Creatures
  A worm (D:2)
  3 dart slugs
  An orc (D:3)
  2 ball pythons
  6 bats
  4 endoplasms
  A giant cockroach (D:2)
  7 goblins
  6 hobgoblins
  5 kobolds
  3 quokkas
  3 frilled lizards
  2 rats
44 creatures vanquished.

Vanquished Creatures (others)
  3 plants (D:1)
3 creatures vanquished.

Grand Total: 47 creatures vanquished

Notes
Turn   | Place    | Note
-------+----------+-------------------------------------------
     0 | D:1      | Zeld the Minotaur Berserker began the quest for the Orb.
     0 | D:1      | Reached XP level 1. HP: 19/19 MP: 0/0
   181 | D:1      | Found a faded altar of an unknown god.
   192 | D:1      | Reached XP level 2. HP: 16/27 MP: 1/1
   613 | D:1      | Found Leas Tucw's General Store.
   621 | D:1      | Bought a scroll of identify for 22 gold pieces
   801 | D:2      | Reached XP level 3. HP: 33/33 MP: 2/2
   871 | D:2      | Found a shimmering altar of Xom.
  1233 | D:2      | Reached ** piety under Trog
  1356 | D:2      | Found Obatret's Magic Scroll Emporium.
  1361 | D:2      | Bought a scroll of identify for 26 gold pieces
  1926 | D:3      | Found an iron altar of Okawaru.
  1941 | D:3      | Splashed by a jelly's acid

Illustrated notes

Levels and vault maps discovered:
D:1:      tarquinn_simple_flora_water_c, layout_rooms,
          shapermc_ecumenical_altar_starsandcircs, serial_shops,
          nicolae_shop_hallway_stairs
D:2:      layout_basic, serial_shops, shop, basic_altar, minivault_24,
          hangedman_feature_mirror, grunt_decor_fettered
D:3:      layout_rooms, mainiacjoe_overflow_boulevard, uniq_grinder

Skill      XL: |  1  2  3 |
---------------+----------+-----
Axes           | 4 |  4.5
Fighting       | 4 |  4.4
Armour         | 3 |  3.0
Dodging        | |  2.7

Action                   || total
-------------------------++-------
Melee: Hand axe          ||   103
       Headbutt          ||     8
       Punch             ||     1
Armor: Animal skin       ||    25
Dodge: Dodged            ||    69
